 Dungeon Crawl Stone Soup version 0.29.0-10-g45618ea6d2 (webtiles) character file.

Game seed: 5771179179890491637

78 SensoryNuts the Trooper (level 4, -7/35 HPs)
             Began as a Demonspawn Fighter on Sept 2, 2022.
             Mangled by Crazy Yiuf
             ... wielding a +4 quarterstaff of chaos
              (15 damage)
             ... on level 3 of the Dungeon.
             The game lasted 00:02:01 (2422 turns).

SensoryNuts the Trooper (Demonspawn Fighter)        Turns: 2422, Time: 00:02:03

Health: -7/35      AC:  6    Str: 16    XL:     4   Next: 15%
Magic:  4/4        EV:  7    Int:  9    God:
Gold:   193        SH: 10    Dex: 21    Spells: 3/3 levels left

rFire   . . .      SeeInvis .   a - +0 long sword
rCold   . . .      Faith    .   h - +0 kite shield
rNeg    + . .      Spirit   .   o - +0 scale mail of Fanaticism {rPois rN+ Will+}
rPois   +          Reflect  .   (no helmet)
rElec   .          Harm     .   (no cloak)
rCorr   .          Rampage  .   (no gloves)
Will    +....                   (no boots)
Stlth   ..........              (no amulet)
HPRegen 0.11/turn               e - +6 ring of dexterity
MPRegen 0.09/turn               (no ring)

@: mighty
A: foul stench 1, weakness stinger 1
a: no special abilities


You were on level 3 of the Dungeon.
You visited 1 branch of the dungeon, and saw 3 of its levels.

You collected 193 gold pieces.

Inventory:

Hand Weapons
 a - a +0 long sword (weapon)
Armour
 h - a +0 kite shield (worn)
 o - the +0 scale mail of Fanaticism (worn) {rPois rN+ Will+}
   (You found it on level 2 of the Dungeon)

   rPois:     It protects you from poison.
   rN:        It protects you from negative energy.
   Will:      It increases your willpower.
Jewellery
 e - a +6 ring of dexterity (left hand)
 n - a ring of protection from fire
Wands
 p - a wand of mindburst (10)
Scrolls
 f - 3 scrolls of immolation
 i - 2 scrolls of amnesia
 j - 2 scrolls of teleportation
 l - a scroll of noise {unknown}
 q - a scroll of acquirement {unknown}
Potions
 b - a potion of lignification {unknown}
 c - 4 potions of curing
 g - 4 potions of brilliance {unknown}
 k - 2 potions of berserk rage {unknown}
 m - a potion of degeneration {unknown}


   Skills:
 + Level 3.4 Fighting
 * Level 3.2 Long Blades
 + Level 3.1 Armour
 + Level 2.9 Shields


You had 3 spell levels left.
You didn't know any spells.
Your spell library contained the following spells:

 Spells                   Type           Power      Damage    Failure   Level
 Apportation              Tloc           0%         N/A       99%         1
 Necrotise                Necr           0%         1d4       99%         1
 Summon Small Mammal      Summ           0%         N/A       99%         1


Dungeon Overview and Level Annotations

Branches:
Dungeon (3/15)

Altars:
Vehumet

Annotations:
D:3 Crazy Yiuf


Innate Abilities, Weirdness & Mutations

You may rarely emit foul miasma when damaged in melee.
You have a small tail.


Message History

You hit the bat.
You kill the bat!
No target in view!
No target in view!
No target in view!
No target in view!
No target in view!
You now have 193 gold pieces (gained 3).
You open the door.
There is an open door here.
You open the door.
There is an open door here.
Key pressed, stopping explore.
You open the door.
There is an open door here.
There is an open door here.
There is a stone staircase leading up here.
Crazy Yiuf shouts!
Could not explore, unopened runed door.
Could not explore, unopened runed door.
No reachable target in view!
No reachable target in view!
No reachable target in view!
No reachable target in view!
Could not explore, unopened runed door.
Could not explore, unopened runed door.
You feel very mighty all of a sudden.
You open the door.
Crazy Yiuf cries, "Gum!"
You slash Crazy Yiuf!
Crazy Yiuf is severely wounded.
Crazy Yiuf laughs, "Mugger!"
Crazy Yiuf completely misses you.
You barely miss Crazy Yiuf.
Crazy Yiuf is severely wounded.
Crazy Yiuf hits you with a +4 quarterstaff of chaos!
You are electrocuted!
* * * LOW HITPOINT WARNING * * *
Crazy Yiuf hits you with a +4 quarterstaff of chaos!
You die...

#.# #........#.....#.#
#.####...........####..
#....>.................
#######################
#........
#######.####### ###
###.#.P.#..#
#...##..#.......#
#...g@####PP....#
#)..### ##..#.## ###
###### ##########
#.........


You could see Crazy Yiuf.

Vanquished Creatures
  2 adders
  2 orcs (D:3)
  4 ball pythons
  2 endoplasms
  3 giant cockroaches (D:1)
  7 goblins
  8 hobgoblins
  3 jackals (D:1)
  3 kobolds
  5 quokkas
  4 bats
  3 frilled lizards
  5 rats
51 creatures vanquished.

Notes
Turn   | Place    | Note
-------+----------+-------------------------------------------
     0 | D:1      | SensoryNuts the Demonspawn Fighter began the quest for the
                  | Orb.
     0 | D:1      | Reached XP level 1. HP: 18/18 MP: 1/1
    93 | D:1      | Gained mutation: You may rarely emit foul miasma when
                  | damaged in melee. [demonic ancestry]
    93 | D:1      | Reached XP level 2. HP: 22/24 MP: 2/2
   557 | D:1      | Found a faded altar of an unknown god.
   648 | D:1      | Gained mutation: You have a small tail. [demonic ancestry]
   648 | D:1      | Reached XP level 3. HP: 21/29 MP: 3/3
  1543 | D:2      | Identified the +0 scale mail of Fanaticism {rPois rN+
                  | Will+}
  1704 | D:3      | Found a radiant altar of Vehumet.
  1861 | D:3      | Found a runed translucent door.
  1862 | D:3      | Noticed Crazy Yiuf
  2101 | D:3      | Reached XP level 4. HP: 35/35 MP: 4/4
  2422 | D:3      | Mangled by Crazy Yiuf

Illustrated notes

Levels and vault maps discovered:
D:1:      minmay_arrival_three_doors, layout_loops_ring,
          dreamdust_ecumenical_altar_hidden_monk_grotto, minmay_pentomino_s2
D:2:      minmay_skewed_foursquare, layout_rooms,
          minmay_misc_feat_secret_circle, serial_bayou_pond_a
D:3:      layout_basic, nicolae_vehumet_altar_sigil,
          chequers_serial_rivers_small_b, minmay_misc_feat_doors,
          minmay_quadrilaterals, uniq_crazy_yiuf_cottage

Skill      XL: |  1  2  3 |
---------------+----------+-----
Long Blades    | 2 3 |  3.2
Armour         | 3 |  3.1
Fighting       | |  3.4
Shields        | |  2.9

Action                   |  1- 3 |  4- 6 || total
-------------------------+-------+-------++-------
Melee: Long sword        |   131 |    12 ||   143
       Tailslap          |     8 |       ||     8
  Use: Scroll            |     7 |       ||     7
       Potion            |       |     1 ||     1
Armor: Scale mail        |    63 |     3 ||    66
Dodge: Dodged            |    40 |     4 ||    44
Block: Buckler           |     7 |       ||     7
       Kite shield       |    56 |     5 ||    61
